 Dungeon Crawl Stone Soup version 0.23.1 (webtiles) character file.

Game seed: 9980022826523394883

109 GuyDeFluk the Skirmisher (level 4, -9/33 HPs)
             Began as a Gargoyle Fighter on Mar 19, 2019.
             Killed from afar by an orc priest (28 damage)
             ... with an exploding inner flame
             ... hexed by the player character
             ... on level 3 of the Dungeon.
             The game lasted 00:37:47 (2521 turns).

GuyDeFluk the Skirmisher (Gargoyle Fighter)         Turns: 2521, Time: 00:37:48

Health: -9/33      AC: 10    Str: 21      XL:     4   Next: 90%
Magic:  4/4        EV:  7    Int:  8      God:
Gold:   143        SH: 10    Dex:  7 (9)  Spells: 3/3 levels left

rFire    . . .     SeeInvis .   a - +0 flail
rCold    . . .     Gourm    .   c - +1 shield
rNeg     + . .     Faith    .   b - +0 scale mail
rPois    ∞         Spirit   .   (helmet restricted)
rElec    +         Reflect  .   (no cloak)
rCorr    .         Harm     .   (no gloves)
MR       .....     Clarity  +   (no boots)
Stlth    ..........             (no amulet)
HPRegen  0.11/turn              (no ring)
MPRegen  0.09/turn              (no ring)

@: no status effects
A: horns 1, clarity, negative energy resistance 1, robust 1, electricity
resistance, unbreathing, petrification resistance, rot immunity, AC +3
a: no special abilities


You were on level 3 of the Dungeon.
You were not hungry.

You visited 1 branch of the dungeon, and saw 3 of its levels.

You collected 143 gold pieces.

Inventory:

Hand Weapons
 a - a +0 flail (weapon)
Armour
 b - a +0 scale mail (worn)
 c - a +1 shield (worn)
 m - a +0 scale mail
Jewellery
 o - an uncursed ring of resist corrosion {unknown}
Wands
 i - a wand of random effects (21)
Scrolls
 e - a scroll of immolation
 l - a scroll of identify {unknown}
 n - 2 scrolls of magic mapping
 p - a scroll of enchant weapon {unknown}
 r - a scroll of teleportation {unknown}
Potions
 d - a potion of might
 h - a potion of invisibility {unknown}
 j - a potion of brilliance {unknown}
 k - 2 potions of agility
 q - a potion of cancellation {unknown}
Comestibles
 f - 5 rations


   Skills:
 * Level 4.5 Fighting
 + Level 2.7 Maces & Flails
 + Level 4.0 Armour
 + Level 3.9 Shields


You had 3 spell levels left.
You didn't know any spells.
Your spell library was empty.

Dungeon Overview and Level Annotations

Branches:
Dungeon (3/15)

Altars:
Dithmenos
Elyvilon
Xom


Innate Abilities, Weirdness & Mutations

You are resistant to torment.
Your stone body is resilient. (AC +3)
You are immune to poison.
You resist negative energy. (rN+)
You are resistant to electric shocks. (rElec)
You can survive without breathing.
You are immune to petrification.
You are immune to rotting.
You have a pair of small horns on your head.
You possess an exceptional clarity of mind.
You are robust. (+10% HP)


Message History

The creatures around you are filled with an inner flame!
The orc priest hits you but does no damage.
You closely miss the orc priest. You headbutt the orc priest.
The orc priest is moderately wounded.
The orc priest barely misses you.
You hit the orc priest. You headbutt the orc priest.
The orc priest is heavily wounded.
The orc priest barely misses you.
You closely miss the orc priest.
The orc priest is heavily wounded.
The orc priest hits you but does no damage.
The orc priest completely misses you.
You hit the orc priest. Your headbutt misses the orc priest.
The orc priest is almost dead.
The orc priest looks braver for a moment.
You sock the orc priest!
The orc priest explodes!
The fiery explosion engulfs you!!
Ouch! That really hurt!
You die...

####.# #.# #.###
######.# #...#
#......# #.#.#
#.###### ## #.#.#
#.#
.###.##############
### ###
(.....#.......)...#
#..
#..#.##.#########:#
#.#
##.#.##.....#.§§@.#
...#..#####.#.#####
...#..'.....#
...#.######## #
...#.#.#
###########
##.#.#.#
###..........
#..#.#.#
#...#########
.......# ### #.###
# ..##.########.##
#.###########


There were no monsters in sight!

Vanquished Creatures
  Ijyb (D:3)
  2 adders
  An ooze (D:2)
  3 dart slugs
  A leopard gecko (D:1)
  3 orcs (D:3)
  A ball python (D:1)
  7 bats
  2 giant cockroaches
  6 goblins
  7 hobgoblins
  2 jackals (D:3)
  2 frilled lizards
  6 kobolds
  7 rats
51 creatures vanquished.

Notes
Turn   | Place    | Note
-------+----------+-------------------------------------------
     0 | D:1      | GuyDeFluk the Gargoyle Fighter began the quest for the Orb.
     0 | D:1      | Reached XP level 1. HP: 14/14 MP: 1/1
   281 | D:1      | Reached XP level 2. HP: 19/19 MP: 2/2
   663 | D:1      | Reached XP level 3. HP: 24/24 MP: 3/3
  1377 | D:2      | Found a white marble altar of Elyvilon.
  1803 | D:2      | Gained mutation: You have a pair of small horns on your
                  | head. [potion of mutation]
  1803 | D:2      | Gained mutation: You are robust. (+10% HP) [potion of
                  | mutation]
  1803 | D:2      | Gained mutation: You possess an exceptional clarity of
                  | mind. [potion of mutation]
  1839 | D:3      | Reached XP level 4. HP: 31/31 MP: 4/4
  1848 | D:3      | Noticed Ijyb
  1861 | D:3      | Killed Ijyb
  1873 | D:3      | Found a shimmering altar of Xom.
  1873 | D:3      | Found a shimmering altar of Xom.
  1874 | D:3      | Found a shimmering altar of Xom.
  1874 | D:3      | Found a shimmering altar of Xom.
  2119 | D:3      | Found a shadowy altar of Dithmenos.
  2521 | D:3      | Killed from afar by an orc priest

Skill      XL: |  1  2  3  4 |
---------------+-------------+-----
Fighting       | 4 |  4.5
Armour         | 4 |  4.0
Maces & Flails | |  2.7
Shields        | |  3.9

Action                   |  1- 3 |  4- 6 || total
-------------------------+-------+-------++-------
Melee: Flail             |   134 |    70 ||   204
       Headbutt          |       |     8 ||     8
  Use: Potion            |     6 |       ||     6
       Scroll            |     4 |     1 ||     5
  Eat: Ration            |     1 |       ||     1
       Chunk             |       |     2 ||     2
Armor: Scale mail        |    61 |    25 ||    86
Dodge: Dodged            |    33 |    18 ||    51
Block: Shield            |    77 |    32 ||   109
